 Dungeon Crawl Stone Soup version 0.29-a0-321-gf1c400731a (webtiles) character file.

Game seed: 13047832385267860702

44 Dabor the Insei (level 3, -3/23 HPs)
             Began as an Octopode Transmuter on Apr 3, 2022.
             Succumbed to Terence's poison
             ... on level 2 of the Dungeon.
             The game lasted 00:01:57 (1216 turns).

Dabor the Insei (Octopode Transmuter)               Turns: 1216, Time: 00:01:58

Health: -3/23      AC:  1    Str:  9    XL:     3   Next: 62%
Magic:  5/6        EV: 13    Int: 17    God:
Gold:   46         SH:  0    Dex: 12    Spells: 3/6 levels left

rFire   . . .      SeeInvis .   j - +0 dagger (venom)
rCold   . . .      Faith    .   (no shield)
rNeg    . . .      Spirit   .   (helmet currently unavailable)
rPois   .          Reflect  .   (no amulet)
rElec   .          Harm     .   (no ring)
rCorr   .          Rampage  .   (no ring)
Will    .....                   (no ring)
Stlth   ++........              (no ring)
HPRegen 0.07/turn               (no ring)
MPRegen 0.10/turn               (no ring)
                                (no ring)
                                (no ring)

@: lethally poisoned (-3 -> -34), appendages (expiring)
A: tentacle spike 3, almost no armour, amphibious, 8 rings, camouflage 1,
gelatinous body 1, (nimble swimmer 1), tentacles
a: End Transformation


You were on level 2 of the Dungeon.
One of your tentacles had grown a beastly spike.
You visited 1 branch of the dungeon, and saw 2 of its levels.

You collected 46 gold pieces.

Inventory:

Hand Weapons
 j - a +0 dagger of venom (weapon)
Missiles
 b - 3 poisoned darts
Scrolls
 c - a scroll of teleportation
 d - a scroll of identify
 e - a scroll of vulnerability
 k - 2 scrolls of amnesia
Potions
 a - a potion of lignification
 f - a potion of haste {unknown}
 g - a potion of resistance {unknown}
 h - 2 potions of heal wounds {unknown}
 i - 2 potions of degeneration {unknown}
 l - a potion of magic {unknown}
 m - a potion of attraction {unknown}


   Skills:
 + Level 1.5 Fighting
 + Level 2.3 Dodging
 + Level 0.8 Stealth
 - Level 3.2 Unarmed Combat
 + Level 2.2 Spellcasting
 + Level 2.2 Transmutations
 * Level 1.5 Poison Magic


You had 3 spell levels left.
You knew the following spells:

 Your Spells              Type           Power      Damage    Failure   Level
a - Beastly Appendage     Tmut           18%        N/A       8%          1
b - Wereblood             Tmut           9%         N/A       11%         2

Your spell library contained the following spells:

 Spells                   Type           Power      Damage    Failure   Level
 Spider Form              Tmut/Pois      8%         N/A       26%         3
 Ozocubu's Armour         Ice            1%         N/A       50%         3
 Ice Form                 Ice/Tmut       5%         N/A       75%         4
 Metabolic Englaciation   Hex/Ice        0%         N/A       99%         5
 Simulacrum               Ice/Necr       0%         N/A       100%        6


Dungeon Overview and Level Annotations

Branches:
Dungeon (2/15)

Altars:

Annotations:
D:2 Terence


Innate Abilities, Weirdness & Mutations

One of your tentacles has grown a beastly spike.
You cannot wear most types of armour.
You are amphibious.
You can wear up to eight rings at the same time.
Your skin changes colour to match your surroundings (Stealth+).
Your rubbery body absorbs attacks. (AC +1, EV +1)
((You are camouflaged when in or above water. (Stealth+)))
You have tentacles for arms and can constrict up to eight enemies at once.


Message History

You feel sick.
You feel sick.
You feel sick.
You are no longer poisoned.
There is an escape hatch in the ceiling here.
You start resting.
Your transformation is almost over.
Magic restored.
You start resting.
Your tentacle spike disappears.
HP restored.
A worm comes into view.
Found a purple potion.
Terence shouts!
You hear an angry hiss.
Terence says, "How do you enjoy it?"
The worm moves out of view.
You see here a fizzy emerald potion.
m - a fizzy emerald potion
Casting: Beastly Appendage (safe; 8% risk of failure)
Confirm with . or Enter, or press ? or * to list all spells.
One of your tentacles grows a vicious spike.
An adder comes into view.
You hit Terence but do no damage. You grab Terence.
You pierce Terence, but do no damage.
You constrict Terence, but do no damage.
Terence hits you with a +6 short sword of venom.
You are poisoned.
You hit Terence.
Terence is poisoned.
Terence is lightly wounded.
Your transformation is almost over.
You constrict Terence, but do no damage.
You feel very sick.
Terence hits you with a +6 short sword of venom!
* * * LOW HITPOINT WARNING * * *
You are more poisoned.
You hit Terence but do no damage.
Terence looks as sick as possible!
You pierce Terence, but do no damage.
Terence is lightly wounded.
You constrict Terence, but do no damage.
You die...

..........(................####..
..#............####......#### #..
..........#.##.####..<..##.. ...
..................#..^#.##.####.#
.....................##.##.......
.......... ##..#..........####..
.######.. #..........#.)...... .#
#.###.###..####>....... .
#.....@....# #..#####.
.....#.#@#.#.# .#.#
.............. .....
.##..#.#.#.#S#.#.#.#.
#.................. #..#.#.#
#.#.# #<# ...!.... .. . .. #.# #.


You could see Terence (extremely poisoned) and an adder.

Vanquished Creatures
  An adder (D:2)
  2 dart slugs
  An endoplasm (D:1)
  2 giant cockroaches (D:1)
  A goblin (D:2)
  4 hobgoblins
  2 jackals (D:1)
  3 quokkas
  4 ball pythons
  7 bats
  A kobold (D:1)
  2 rats (D:1)
30 creatures vanquished.

Notes
Turn   | Place    | Note
-------+----------+-------------------------------------------
     0 | D:1      | Dabor the Octopode Transmuter began the quest for the Orb.
     0 | D:1      | Reached XP level 1. HP: 13/13 MP: 3/3
    56 | D:1      | Reached XP level 2. HP: 16/18 MP: 5/5
   134 | D:1      | Learned a level 2 spell: Wereblood
   519 | D:1      | Reached skill level 1 in Poison Magic
   530 | D:1      | Reached XP level 3. HP: 16/23 MP: 2/6
  1063 | D:2      | Noticed Terence
  1216 | D:2      | Succumbed to Terence's poison

Illustrated notes

Levels and vault maps discovered:
D:1:      pf_arrival_petrified_forest, layout_rooms
D:2:      layout_basic, nicolae_ecumenical_lake_church, basic_altar,
          grunt_ministairs_14, grunt_decor_resistance, st_stairs_11,
          uniq_terence

Skill      XL: |  1  2 |
---------------+-------+-----
Poison Magic   | 1 |  1.5
Fighting       | |  1.5
Dodging        | |  2.3
Stealth        | |  0.8
Unarmed Combat | |  3.2
Spellcasting   | |  2.2
Transmutations | |  2.2

Action                   || total
-------------------------++-------
Melee: Unarmed           ||    49
       Tentacles         ||    18
       Constrict         ||    16
       Punch             ||     1
       Kick              ||    12
       Dagger            ||    23
 Cast: Beastly Appendage ||    10
       Wereblood         ||     1
  Use: Scroll            ||     3
 Stab: Sleeping          ||     5
Armor: Skin              ||    10
Dodge: Dodged            ||    61

Table legend: (Time is in decaauts)
 A = Elapsed time spent in this place.
 B = Non-inter-level travel time spent in this place.
 C = Inter-level travel time spent in this place.
 D = Time resting spent in this place.
 E = Time spent auto-exploring this place.
 F = Levels seen in this place.
 G = Mean time per level.
                   A        B        C        D        E       F      G
               +--------+--------+--------+--------+--------+-----+--------+
         Total |   1211 |   1207 |      4 |    378 |    593 |   2 |  605.5 |
       Dungeon |   1211 |   1207 |      4 |    378 |    593 |   2 |  605.5 |
               +--------+--------+--------+--------+--------+-----+--------+

Top non-repeatable levels by time:
     D:1: 899 daAuts
     D:2: 312 daAuts
